 Dungeon Sprint DCSS version 0.19-a0-1007-g133f65f (webtiles) character file.

1260 nextgen the Basher (level 8, -2/68 HPs)
             Began as a Demonspawn Fighter on July 19, 2016.
             Was a Priest of Trog.
             Slain by an ogre
             ... wielding a +0 giant club
              (11 damage)
             ... in the Dungeon (Sprint IX: "|||||||||||||||||||||||||||||").
             The game lasted 00:01:33 (746 turns).

nextgen the Basher (Demonspawn Fighter)              Turns: 746, Time: 00:01:34

Health: -2/68      AC: 21    Str: 19    XL:     8   Next: 27%
Magic:  0/11       EV: 11    Int: 10    God:    Trog [***...]
Gold:   0          SH:  0    Dex: 15    Spells: 0 memorised, 7 levels left

rFire  . . .     SeeInvis .     s - +2 dire flail (protect)
rCold  . . .     Gourm    .     p - +1 chain mail
rNeg   . . .     Faith    .     (shield currently unavailable)
rPois  .         Spirit   +     (no helmet)
rElec  .         Dismiss  .     o - +0 cloak
rCorr  .         Reflect  .     (no gloves)
SustAt .         Harm     .     (no boots)
MR     .....     NoTele   +     (no amulet)
Stlth  ..........               r - +3 ring of dexterity
                                q - +2 ring of evasion

@: exhausted, slowed, very slow, not resistant to hostile enchantments,
extremely unstealthy
A: icy blue scales 2, nightstalker 1, magic shield
a: Berserk, Trog's Hand, Burn Spellbooks, Renounce Religion


You were in the Dungeon.
You worshipped Trog.
Trog was most pleased with you.
You were very hungry.

You visited 1 branch

Inventory:

Hand Weapons
 a - a +0 flail
 s - a +2 dire flail of protection (weapon)
Armour
 b - a +0 scale mail
 c - a +0 shield
 o - a +0 cloak (worn)
 p - a +1 chain mail (worn)
Jewellery
 q - a +2 ring of evasion (left hand)
 r - a +3 ring of dexterity (right hand)
Wands
 n - a wand of lightning (5/15)
Scrolls
 k - 2 scrolls of blinking
 m - 3 scrolls of remove curse
Potions
 d - a potion of might
 e - 4 potions of curing
 g - 2 potions of heal wounds
 h - a potion of haste
 i - 4 potions of magic
 l - a potion of invisibility
Comestibles
 f - a bread ration


   Skills:
 + Level 8.2 Fighting
 * Level 9.4 Maces & Flails
 + Level 8.0 Armour
 + Level 4.5 Dodging
 + Level 7.9 Shields
 - Level 4.4 Evocations


You had 7 spell levels left.
You didn't know any spells.

Dungeon Overview and Level Annotations

Branches:
Dungeon (1/1)

Altars:
Cheibriados
Dithmenos
Elyvilon
Fedhas
Gozag
Hepliaklqana
Kikubaaqudgha
Makhleb
Nemelex Xobeh
Okawaru
Pakellas
Qazlal
Ru
Sif Muna
Trog
Uskayaw
Vehumet
Xom
Yredelemnul
Zin
The Shining One
Beogh
Jiyva
Lugonu


Innate Abilities, Weirdness & Mutations

You are mostly covered in icy blue scales. (AC +3, EV -1)
You are slightly more attuned to the shadows.
When hurt, damage is shared between your health and your magic reserves.


Message History

The griffon is almost dead.
The griffon bites you but does no damage.
The griffon pecks you but does no damage.
The griffon claws you.
* * * LOW HITPOINT WARNING * * *
The griffon closely misses you. The griffon pecks you.
* * * LOW HITPOINT WARNING * * *
The griffon closely misses you.
Unknown command.
You puncture the griffon!
You kill the griffon!
Trog accepts your kill.
Your Fighting skill increases to level 8!
Your Maces & Flails skill increases to level 9!
Your Armour skill increases to level 8!
You have reached level 8!
You feel clever.
Your demonic ancestry asserts itself...
You slip into the darkness of the dungeon.
The ogre hits you with a giant club!
You die...

▓+▓
▓.▓
▓.▓
▓.▓
▓.▓
▓O▓
▓@▓
▓)▓
▓.▓
▓.▓
▓.▓
▓.▓
▓.▓
▓)▓
▓)▓


You could see an ogre.

Vanquished Creatures
  A griffon (D)
  A troll (D)
  A meliai (D)
  A phantom (D)
  An ogre (D)
  A big kobold (D)
  A giant frog (D)
  A crimson imp (D)
  A hound (D)
  An orc wizard (D)
  A worker ant (D)
  An adder (D)
  An ooze (D)
  2 adder skeletons (D)
  An orc (D)
  A giant cockroach (D)
  A goblin (D)
  A giant newt (D)
  2 rats (D)
21 creatures vanquished.

Notes
Turn   | Place    | Note
-------+----------+-------------------------------------------
     0 | D        | nextgen the Demonspawn Fighter began the quest for the Orb.
     0 | D        | Reached XP level 1. HP: 18/18 MP: 1/1
    10 | D        | Reached skill level 2 in Maces & Flails
    23 | D        | Noticed a worker ant
    30 | D        | Killed a worker ant
    30 | D        | Gained mutation: You are partially covered in icy blue scales. (AC +1) [demonic ancestry]
    30 | D        | Reached XP level 2. HP: 11/25 MP: 2/2
    30 | D        | Reached XP level 3. HP: 13/30 MP: 3/3
    66 | D        | Found a glowing silver altar of Zin.
    66 | D        | Found a glowing golden altar of the Shining One.
    66 | D        | Found an ancient bone altar of Kikubaaqudgha.
    66 | D        | Found a basalt altar of Yredelemnul.
    66 | D        | Found a shimmering altar of Xom.
    66 | D        | Found a radiant altar of Vehumet.
    67 | D        | Found an iron altar of Okawaru.
    68 | D        | Found a burning altar of Makhleb.
    69 | D        | Found a deep blue altar of Sif Muna.
    70 | D        | Found a bloodstained altar of Trog.
    71 | D        | Found a sparkling altar of Nemelex Xobeh.
    72 | D        | Found a white marble altar of Elyvilon.
    73 | D        | Found a roughly hewn altar of Beogh.
    74 | D        | Found a viscous altar of Jiyva.
    75 | D        | Found a corrupted altar of Lugonu.
    76 | D        | Found a blossoming altar of Fedhas.
    77 | D        | Found a snail-covered altar of Cheibriados.
    78 | D        | Found a shadowy altar of Dithmenos.
    79 | D        | Found a stormy altar of Qazlal.
    80 | D        | Found an opulent altar of Gozag.
    81 | D        | Found a sacrificial altar of Ru.
    82 | D        | Found an oddly glowing altar of Pakellas.
    83 | D        | Found a hide-covered altar of Uskayaw.
    84 | D        | Found a hazy altar of Hepliaklqana.
   362 | D        | Became a worshipper of Trog the Wrathful
   456 | D        | Noticed a big kobold
   456 | D        | Noticed a phantom
   456 | D        | Noticed an ogre
   469 | D        | Reached skill level 3 in Maces & Flails
   469 | D        | Reached skill level 1 in Dodging
   469 | D        | Reached skill level 5 in Shields
   469 | D        | Reached skill level 1 in Evocations
   469 | D        | Gained mutation: When hurt, damage is shared between your health and your magic reserves. [demonic ancestry]
   469 | D        | Reached XP level 4. HP: 38/38 MP: 4/4
   474 | D        | Killed an ogre
   474 | D        | Reached skill level 5 in Fighting
   474 | D        | Reached skill level 4 in Maces & Flails
   474 | D        | Reached skill level 5 in Armour
   474 | D        | Reached XP level 5. HP: 39/44 MP: 2/7
   475 | D        | Reached * piety under Trog
   479 | D        | Reached skill level 5 in Maces & Flails
   495 | D        | Reached ** piety under Trog
   505 | D        | Killed a phantom
   505 | D        | Reached skill level 6 in Maces & Flails
   505 | D        | Gained mutation: You are mostly covered in icy blue scales. (AC +3, EV -1) [demonic ancestry]
   505 | D        | Reached XP level 6. HP: 17/53 MP: 4/9
   716 | D        | Noticed a griffon
   716 | D        | Noticed a meliai
   716 | D        | Noticed a troll
   725 | D        | Killed a troll
   725 | D        | Reached skill level 7 in Maces & Flails
   725 | D        | Reached XP level 7. HP: 53/60 MP: 7/10
   731 | D        | Killed a meliai
   731 | D        | Reached *** piety under Trog
   731 | D        | Reached skill level 8 in Maces & Flails
   743 | D        | HP: 3/61 [griffon (2)]
   746 | D        | Killed a griffon
   746 | D        | Reached skill level 9 in Maces & Flails
   746 | D        | Gained mutation: You are slightly more attuned to the shadows. [demonic ancestry]
   746 | D        | Reached XP level 8. HP: 8/68 MP: 1/11
   746 | D        | Slain by an ogre

Vault maps used:
D:        linesprint

Skill      XL: |  1  2  3  4  5  6  7 |
---------------+----------------------+-----
Shields        | 4 5 6 7 |  7.9
Maces & Flails | 2 3 4 6 7 9 |  9.4
Armour         | 4 5 6 8 |  8.0
Fighting       | 4 5 6 7 8 |  8.2
Dodging        | 1 2 3 4 |  4.5
Evocations     | 1 2 4 |  4.4

Action                   |  1- 3 |  4- 6 |  7- 9 || total
-------------------------+-------+-------+-------++-------
Melee: Flail             |    49 |       |       ||    49
       Dire flail        |    12 |    34 |    16 ||    62
Invok: Berserk           |       |     1 |       ||     1
Evoke: Wand              |       |     1 |     1 ||     2
  Use: Potion            |     1 |       |     2 ||     3
Armor: Scale mail        |    22 |       |       ||    22
       Chain mail        |    14 |    25 |    23 ||    62
Dodge: Dodged            |    28 |    20 |    14 ||    62
Block: Shield            |    24 |       |       ||    24
